Map: Catalisador LE

Players

IagoAbreu

  • Race: Terran Terran
  • Spawn Location: 11:00

naboa

  • Race: Terran Terran

VOD

Have the link to the VOD?

Description

Time

  • Played on: Jan. 3, 2018, 7:20 p.m.
  • Length: 43:01
Show
View Real Time Build Order
Export as new Build Order

IagoAbreu Terran 

Build Orders:  

Get SALT Encoding   

  12  0:41  SCV  
  13  0:58  SCV  
  14  1:09  Command Center  
  14  1:15  SCV  
  15  2:04  Supply Depot  
  15  2:32  Supply Depot  
  15  2:50  Supply Depot  
  15  2:51  Supply Depot  
  15  3:01  SCV  
  15  3:09  SCV  
  17  3:15  Supply Depot  
  17  3:18  SCV  
  18  3:26  SCV  
  18  3:28  Barracks  
  19  3:35  SCV  
  20  3:43  SCV  
  20  3:44  Barracks  
  21  3:52  SCV  
  22  4:00  SCV  
  22  4:09  SCV  
  24  4:29  Engineering Bay  
  24  4:44  Bunker  
  24  4:51  Refinery  
  24  5:24  Refinery  
  24  5:28  Marine  
  25  5:34  Marine  
  26  5:53  Marine  
  26  5:54  Bunker  
  26  5:59  Marine  
  29  6:14  Orbital Command  
  29  6:16  Orbital Command  
  29  6:18  Marine  
  29  6:24  Marine  
  30  6:43  Marine  
  30  6:49  Marine  
  32  7:04  Terran Infantry Weapons Level 1  
  32  7:08  Marine  
  33  7:14  Marine  
  34  7:33  Sensor Tower  
  34  8:00  Engineering Bay  
  34  8:08  Marine x2  
  32  8:33  Marine x2  
  34  8:55  Bunker  
  34  9:17  SCV  
  34  9:18  SCV  
  36  9:34  SCV  
  36  9:35  SCV  
  36  9:38  Barracks Tech Lab x2  
  38  9:47  Factory  
  38  9:48  Factory  
  38  9:54  Terran Infantry Armor Level 1  
  38  10:06  Neosteel Frame  
  38  10:53  Ghost Academy  
  38  11:26  Barracks Tech Lab, Barracks Reactor  
  38  12:08  Command Center  
  38  12:14  Armory  
  38  12:18  Starport  
  38  12:28  Refinery  
  38  13:11  Starport  
  38  13:21  Sensor Tower  
  38  13:38  Siege Tank x2  
  40  14:07  Bunker  
  40  14:16  Planetary Fortress  
  40  14:51  Barracks Reactor  
  40  14:56  Barracks Tech Lab  
  40  14:58  Building Armor  
  40  15:13  Thor  
  46  15:36  Marauder  
  48  16:06  Marauder  
  50  16:30  Combat Shields  
  50  16:37  Terran Vehicle Weapons Level 1  
  52  17:21  Reaper x2  
  52  17:27  Viking  
  52  17:28  Viking  
  56  17:37  SCV  
  56  17:39  Unknown  
  57  17:45  Refinery  
  57  17:47  Unknown  
  57  17:53  SCV  
  58  18:06  Reaper x2, Refinery  
  60  18:10  Refinery, SCV  
  61  18:20  Stimpack  
  61  18:27  SCV  
  61  18:28  Hellion x2  
  66  18:46  Marine x2  
  68  19:06  Terran Infantry Weapons Level 2  
  68  19:08  Terran Infantry Armor Level 2  
  68  19:11  Marine x2  
  70  19:35  Marine  
  70  19:36  Marine  
  72  19:48  Unknown  
  75  20:11  Supply Depot  
  75  20:13  Supply Depot  
  74  20:43  Supply Depot  
  74  20:45  Supply Depot  
  74  20:49  Supply Depot  
  73  20:51  Supply Depot  
  73  20:56  Unknown  
  73  21:09  Siege Tank  
  73  21:10  Concussive Shells  
  63  21:43  Unknown  
  63  22:16  Command Center  
  63  22:17  Unknown  
  63  23:15  Ghost  
  65  23:20  Marine x2  
  65  23:27  Cyclone x2  
  73  23:32  Banshee  
  82  23:45  Marine x2  
  82  23:47  Terran Vehicle Weapons Level 2  
  84  23:51  Terran Infantry Weapons Level 3  
  84  23:54  Terran Infantry Armor Level 3  
  84  24:10  Marine x2  
  86  24:32  Banshee  
  86  24:35  Marine x2  
  86  24:39  Unknown x2  
  79  25:39  Unknown x2, Bunker  
  79  25:45  Bunker  
  85  26:13  Thor  
  91  26:20  Siege Tank  
  91  26:26  Unknown  
  91  26:29  Reaper x2  
  96  26:39  Marauder  
  98  27:08  Unknown  
  98  27:09  Unknown, Marine x2, Marauder  
  102  27:33  Marine  
  102  27:34  Marine  
  104  27:58  Marine  
  104  27:59  Marine  
  106  28:21  Terran Vehicle Weapons Level 3  
  106  28:40  Fusion Core  
  106  28:52  Marine  
  106  28:53  Marine  
  108  29:17  Marine  
  108  29:18  Marine  
  110  29:33  Marauder  
  112  29:42  Marine x2  
  114  29:50  Thor  
  120  30:03  Marauder  
  120  30:07  Marine x2  
  123  30:21  Supply Depot  
  123  30:23  Supply Depot  
  123  30:26  Supply Depot x2  
  123  30:29  Supply Depot  
  123  30:32  Supply Depot  
  123  30:34  Supply Depot  
  123  30:40  Weapon Refit  
  123  30:41  Supply Depot  
  123  30:56  Battlecruiser, Thor  
  135  31:07  Marine  
  135  31:08  Marine  
  129  31:32  Marine  
  129  31:33  Marine  
  131  31:57  Marine  
  131  31:58  Marine  
  127  32:22  Marine x2  
  129  33:06  Marine x2  
  131  33:12  Marauder  
  131  33:16  Unknown x2  
  131  33:19  Hellion x2  
  137  33:23  Viking  
  137  33:24  Viking  
  141  33:31  Marine x2, Banshee  
  141  33:37  Hellion x4  
  146  33:41  Marauder  
  146  33:48  Hellion  
  146  33:49  Hellion  
  124  36:51  Siege Tank x2  
  124  37:53  Hellion  
  124  37:54  Hellion  
  128  38:07  Marine  
  128  38:08  Reaper x2  
  119  38:23  Hellion  
  119  38:24  Hellion  
  119  38:32  Marine  
  120  38:43  Unknown x2  
  122  38:53  Reaper x2, Hellion x2  
  122  38:57  Marine  
  127  39:05  Thor x3  
  127  39:22  Marine  
  127  39:23  Hellion x2  
  132  40:18  Siege Tank  
Show
View Real Time Build Order
Export as new Build Order

naboa Terran 

Build Orders:  

Get SALT Encoding   

Tags
 
Add a new tag
Caveats
  • Supply blocks, unpowered buildings, or Contaminate may cause inaccurate times.
  • Supply counts are checked every 10 seconds.